 Dungeon Crawl Stone Soup version 0.25.1-2-g60ff931df9 (webtiles) character file.

Game seed: 8482449074545698030

135 Forgol the Sneak (level 5, 0/49 HPs)
             Began as a Naga Berserker on Sept 9, 2020.
             Was a Believer of Trog.
             Slain by Grinder (2 damage)
             ... on level 3 of the Dungeon.
             The game lasted 00:05:54 (3168 turns).

Forgol the Sneak (Naga Berserker)                   Turns: 3168, Time: 00:05:55

Health: 0/49       AC:  3    Str: 20    XL:     5   Next: 18%
Magic:  5/5        EV:  9    Int:  7    God:    Trog [**....]
Gold:   113        SH:  0    Dex: 11    Spells: 4/4 levels left

rFire    . . .     SeeInvis +   a - +0 spear
rCold    . . .     Gourm    .   (no shield)
rNeg     . . .     Faith    .   o - +0 troll leather armour
rPois    +         Spirit   .   k - +0 hat
rElec    .         Reflect  .   (no cloak)
rCorr    .         Harm     .   (no gloves)
MR       .....                  (no barding)
Stlth    +++.......             (no amulet)
HPRegen  0.56/turn              (no ring)
MPRegen  0.09/turn              (no ring)

@: stab, very slow
A: large, see invisible, deformed body, poison resistance, slowness 2, slow
metabolism 1, spit poison 1, AC +1
a: Spit Poison, Berserk, Trog's Hand, Renounce Religion


You were on level 3 of the Dungeon.
You worshipped Trog.
Trog was pleased with you.
You were hungry.

You visited 1 branch of the dungeon, and saw 3 of its levels.

You collected 113 gold pieces.

Inventory:

Hand Weapons
 a - a +0 spear (weapon)
Armour
 k - a +0 hat (worn)
 o - a +0 troll leather armour (worn)
Jewellery
 d - an uncursed ring of resist corrosion
Scrolls
 b - a scroll of noise {unknown}
 e - 2 scrolls of identify
Potions
 j - a potion of resistance
 l - a potion of stabbing
 m - a potion of haste {unknown}
 n - a potion of flight {unknown}
Comestibles
 c - 8 rations
 g - 4 chunks of flesh


   Skills:
 - Level 3.0 Fighting
 + Level 4.5 Polearms
 - Level 1.5 Armour
 - Level 1.5 Dodging
 + Level 5.1 Stealth


You had 4 spell levels left.
You didn't know any spells.
Your spell library was empty.

Dungeon Overview and Level Annotations

Branches:
Dungeon (3/15)

Altars:

Annotations:
D:3 Grinder


Innate Abilities, Weirdness & Mutations

You cannot wear boots.
Your serpentine skin is tough. (AC +1)
You have supernaturally acute eyesight. (SInv)
Armour fits poorly on your strangely shaped body.
Your system is resistant to poisons. (rPois)
You cover ground very slowly.
You have a slow metabolism.
You can spit poison.


Message History

You have got your breath back.
Grinder hits you.
* * * LOW HITPOINT WARNING * * *
You writhe in agony.
* * * LOW HITPOINT WARNING * * *
You hit Grinder but do no damage.
Grinder is almost dead.
Grinder gestures at you.
You struggle to resist.
You hit Grinder but do no damage.
Grinder is almost dead.
Grinder gestures at you. You resist with some effort.
You closely miss Grinder.
Grinder is almost dead.
You recover from your berserk rage.
Grinder hits you.
* * * LOW HITPOINT WARNING * * *
You writhe in agony.
You die...

#.# #5# #.#####(#
........# ########.#
#........#
######.#.##.....#
.......#.....#.#####
....#######..#.5@..#
.............#####.#
###.######...### #.##
....#........#....5...#
###...###....#.#......#
#...###....#.#......#
#....###.#.#.#......#
##...# #.......#....# #
##...#######.###.#####


You could see Grinder.

Vanquished Creatures
  Terence (D:3)
  4 adders
  An ooze (D:2)
  2 worms
  3 dart slugs
  2 leopard geckos (D:1)
  A giant cockroach (D:1)
  7 goblins
  5 hobgoblins
  5 jackals
  2 quokkas
  A ball python (D:3)
  6 bats
  4 frilled lizards
  5 kobolds
  6 rats
55 creatures vanquished.

Notes
Turn   | Place    | Note
-------+----------+-------------------------------------------
     0 | D:1      | Forgol the Naga Berserker began the quest for the Orb.
     0 | D:1      | Reached XP level 1. HP: 21/21 MP: 1/1
   147 | D:1      | Reached skill level 1 in Stealth
   161 | D:1      | Reached XP level 2. HP: 6/28 MP: 2/2
   216 | D:1      | Reached skill level 2 in Stealth
  1170 | D:1      | Reached XP level 3. HP: 31/34 MP: 3/3
  1256 | D:2      | Reached skill level 3 in Stealth
  1750 | D:2      | Reached ** piety under Trog
  1755 | D:2      | Reached skill level 4 in Stealth
  1755 | D:2      | Reached XP level 4. HP: 27/42 MP: 4/4
  2225 | D:2      | Found a faded altar of an unknown god.
  2443 | D:3      | Noticed Terence
  2456 | D:3      | Killed Terence
  2582 | D:3      | Reached skill level 5 in Stealth
  2582 | D:3      | Reached XP level 5. HP: 44/49 MP: 5/5
  3136 | D:3      | Noticed Grinder
  3168 | D:3      | HP: 2/49 [Grinder (6)]
  3168 | D:3      | Slain by Grinder

Illustrated notes

Levels and vault maps discovered:
D:1:      nzn_arrival_crosshair, layout_rooms, serial_bayou_lake_a
D:2:      layout_rooms, chequers_ecumenical_altar_simple_redux, first_ration,
          kennysheep_doodads
D:3:      layout_basic, uniq_grinder, uniq_terence

Skill      XL: |  1  2  3  4 |
---------------+-------------+-----
Stealth        | 1 2 4 5 |  5.1
Polearms       | 4 |  4.5
Fighting       | |  3.0
Armour         | |  1.5
Dodging        | |  1.5

Action                   |  1- 3 |  4- 6 || total
-------------------------+-------+-------++-------
Melee: Spear             |   112 |   121 ||   233
Invok: Berserk           |     2 |     2 ||     4
 Abil: Spit Poison       |     2 |     5 ||     7
  Use: Scroll            |       |     8 ||     8
       Potion            |       |     2 ||     2
 Stab: Sleeping          |     1 |     4 ||     5
  Eat: Chunk             |     2 |     6 ||     8
Armor: Animal skin       |    23 |       ||    23
       Troll leather arm |       |    23 ||    23
Dodge: Dodged            |    52 |    51 ||   103
